 Dungeon Crawl Stone Soup version 0.15.2 (webtiles) character file.

163 Fuchur the Ruffian (level 5, -2/53 HPs)
             Began as a Troll Monk on Apr 18, 2016.
             Killed by divine providence
             ... invoked by an orc priest
              (12 damage)
             ... on Level 3 of the Dungeon.
             The game lasted 00:10:46 (1938 turns).

Fuchur the Ruffian (Troll Monk)                     Turns: 1938, Time: 00:10:46

HP  -2/53        AC  6     Str 20      XL: 5   Next: 20%
MP   2/2         EV 11     Int  6      God:
Gold 165         SH  0     Dex 12      Spells:  0 memorised,  4 levels left

rFire  . . .     SeeInvis .       - Unarmed
rCold  . . .     Clarity  .     a - +0 robe
rNeg   . . .     rCorr    .     (shield restricted)
rPois  .         rRot     .     (helmet restricted)
rElec  .         Spirit   .     u - +0 cloak
SustAb .         Warding  .     (gloves unavailable)
rMut   .         Stasis   .     (boots unavailable)
Gourm  +                        (no amulet)
MR     .....                    (no ring)
                                (no ring)

@: slowed, very slow, not resistant to hostile enchantments, very unstealthy
A: unfitting armour, claws 3, fast metabolism 3, gourmand, regeneration 2,
saprovore 2, shaggy fur 1, tough skin 2
a: no special abilities


You were on level 3 of the Dungeon.
You were completely stuffed.

You visited 1 branch of the dungeon, and saw 3 of its levels.

You collected 165 gold pieces.

Inventory:

Missiles
 e - 12 stones (quivered)
 q - 5 tomahawks
Armour
 a - a +0 robe (worn)
 u - a +0 cloak (worn)
Comestibles
 b - 3 meat rations
 j - a bread ration
 k - a slice of pizza
 n - 3 fruits
 p - a beef jerky
 r - 3 chunks of hobgoblin flesh
 t - a rotting chunk of giant gecko flesh
 v - a rotting chunk of bat flesh
 w - a rotting chunk of rat flesh
 x - a rotting chunk of bat flesh
 z - a rotting chunk of giant gecko flesh
 A - a royal jelly
 B - a chunk of giant gecko flesh
 C - a chunk of hobgoblin flesh
Scrolls
 g - a scroll of enchant weapon
 l - 3 scrolls of remove curse
 m - 4 scrolls of identify
 o - a scroll of random uselessness {unknown}
Potions
 c - a potion of curing
 d - a potion of mutation
 f - a potion of resistance
 h - 2 potions of flight
 i - a potion of restore abilities {unknown}


   Skills:
 + Level 3.1 Fighting
 + Level 1.7 Throwing
 + Level 3.2 Dodging
 + Level 1.4 Stealth
 + Level 4.6 Unarmed Combat


You had 4 spell levels left.
You didn't know any spells.

Dungeon Overview and Level Annotations

Branches:
Dungeon (3/15)

Altars:


Innate Abilities, Weirdness & Mutations

You are too large for most types of armour.
You have claws for hands.
Your metabolism is lightning-fast.
You like to eat raw meat.
You heal very quickly.
You can eat rotten meat.
You are covered in fur (AC +1).
You have very tough skin (AC +2).


Message History

The orc hits you but does no damage.
Drink which item? (? for menu, Esc to quit)
You feel better. The orc wizard closely misses you.
The orc priest calls upon Beogh to heal the orc.
The orc's wounds heal themselves!
The orc wizard hits you with a dagger. The orc closely misses you.
The orc priest invokes the aid of Beogh against you.
Something smites you!
* * * LOW HITPOINT WARNING * * *
You closely miss the orc wizard.
The orc wizard is severely wounded.
The orc wizard is no longer bleeding.
The orc wizard gestures at you while chanting.
The magic dart hits you!
* * * LOW HITPOINT WARNING * * *
The orc hits you but does no damage. The orc wizard hits you with a dagger.
* * * LOW HITPOINT WARNING * * *
The orc priest invokes the aid of Beogh against you.
Something smites you!
You die...

### ..# #.# #.# #.# #o#
#o# #o# #@# #o# ##.#####.#
.........# ##.####..#### #
#.....# #. #.###.# # #.
.####.###.####
##(##.####......>......###


You could see an orc priest, an orc wizard and 2 orcs.

Vanquished Creatures
  The ghost of Alethiolet the Slasher, an average DsAK of Lugonu (D:3)
  A worm (D:3)
  6 giant geckos
  An ooze (D:2)
  2 orcs (D:3)
  4 bats
  A giant cockroach (D:1)
  8 goblins
  9 hobgoblins
  16 jackals
  2 ball pythons (D:2)
  A giant newt (D:3)
  6 kobolds
  4 rats (D:3)
62 creatures vanquished.

Notes
Turn   | Place    | Note
--------------------------------------------------------------
     0 | D:1      | Fuchur, the Troll Monk, began the quest for the Orb.
     0 | D:1      | Reached XP level 1. HP: 22/22 MP: 1/1
   182 | D:1      | Reached XP level 2. HP: 29/29 MP: 1/1
   635 | D:2      | Reached XP level 3. HP: 29/36 MP: 2/2
  1172 | D:2      | Reached skill level 1 in Throwing
  1431 | D:3      | Noticed Alethiolet's ghost (average DsAK)
  1461 | D:3      | Killed Alethiolet's ghost
  1461 | D:3      | Reached XP level 4. HP: 35/45 MP: 2/2
  1466 | D:3      | Reached XP level 5. HP: 31/53 MP: 2/2
  1938 | D:3      | Killed from afar by an orc priest

Action                   |  1- 3 |  4- 6 || total
-------------------------+-------+-------++-------
Melee: Unarmed           |   109 |    46 ||   155
Throw: Stone             |    62 |    28 ||    90
  Use: Scroll            |     8 |       ||     8
       Potion            |       |     3 ||     3
 Stab: Sleeping          |     1 |     1 ||     2
  Eat: Chunk             |    19 |     4 ||    23
